 Dungeon Crawl Stone Soup version 0.27.1 (webtiles) character file.

Game seed: 6127179540473393791

40 Malachi the Chopper (level 3, 30/30 HPs)
             Began as a Ghoul Gladiator on Aug 31, 2021.
             Was a Follower of Trog.
             Safely got out of the dungeon.
             The game lasted 00:01:05 (1421 turns).

Malachi the Chopper (Ghoul Gladiator)               Turns: 1421, Time: 00:01:06

Health: 30/30      AC:  4    Str: 18    XL:     3   Next: 50%
Magic:  2/2        EV: 12    Int:  3    God:    Trog [*.....]
Gold:   33         SH:  0    Dex: 10    Spells: 2/2 levels left

rFire    . . .     SeeInvis .   a - +0 war axe
rCold    + . .     Faith    .   (no shield)
rNeg     + + +     Spirit   +   b - +0 leather armour
rPois    ∞         Reflect  .   c - +0 helmet
rElec    .         Harm     .   (no cloak)
rCorr    .         Rampage  .   (no gloves)
Will     .....                  (no boots)
Stlth    +.........             h - amulet of guardian spirit
HPRegen  0.10/turn              (no ring)
MPRegen  0.08/turn              (no ring)

@: no status effects
A: claws 1, cold resistance 1, negative energy resistance 3, inhibited
regeneration, torment resistance 2
a: Renounce Religion


You escaped.
You worshipped Trog.
Trog was aware of your devotion.
You visited 1 branch of the dungeon, and saw 1 of its levels.

You collected 33 gold pieces.

Inventory:

Hand Weapons
 a - a +0 war axe (weapon)
Missiles
 d - 3 throwing nets (quivered)
Armour
 b - a +0 leather armour (worn)
 c - a +0 helmet (worn)
Jewellery
 h - an amulet of guardian spirit (around neck)
Scrolls
 e - a scroll of blinking {unknown}
 g - 3 scrolls of identify {unknown}
 i - a scroll of magic mapping {unknown}
 j - a scroll of enchant armour {unknown}
Potions
 f - a potion of brilliance {unknown}
 k - a potion of degeneration {unknown}


   Skills:
 + Level 2.6 Fighting
 + Level 3.5 Axes
 + Level 1.8 Throwing
 + Level 3.0 Dodging


You had 2 spell levels left.
You didn't know any spells.
Your spell library was empty.

Dungeon Overview and Level Annotations

Branches:
Dungeon (1/15)

Altars:
Trog

Shops:
D:1 (


Innate Abilities, Weirdness & Mutations

You thrive by killing the living.
You are immune to poison.
You have sharp fingernails.
Your flesh is cold resistant. (rC+)
You are immune to negative energy. (rN+++)
You do not regenerate when monsters are visible.
You are immune to unholy pain and torment.


Message History

The bat barely misses you. The bat hits you but does no damage.
You miss the bat. The bat barely misses you.
The bat hits you but does no damage. The bat closely misses you.
You hit the bat.
The bat is heavily wounded.
The bat misses you. The bat hits you.
You hit the bat.
You kill the bat!
Trog accepts your kill.
No target in view!
No target in view!
No target in view!
No target in view!
No target in view!
No target in view!
No target in view!
No target in view!
No target in view!
No target in view!
No target in view!
No target in view!
There is an open door here.
There is an open door here.
You see here 21 stones.
Done exploring.
Done exploring.
Done exploring.
Done exploring.
Done exploring.
Done exploring.
Done exploring.
Done exploring.
There is an open door here.
There is a fountain of clear blue water here.
You see here a +0 dagger.
There is an open door here.
There is an open door here.
There is a staircase leading out of the dungeon here.
Are you sure you want to leave the Dungeon?
This will make you lose the game!
You have escaped!

#.#######.. ### ##.# ###
##. #.#####
########..###.###..
#.....###.............##...
#....................##....
#.......#####...........###
#....####...####.....####..
#..###.........###'###.....
#..#......@......'.'.)....⌠
#..###.........###'###.....
#....####...####.....####..
###.....#####...###.....###
###..........##..........
###....###############.
###### ##


There were no monsters in sight!

Vanquished Creatures
  A gnoll (D:1)
  2 dart slugs (D:1)
  An endoplasm (D:1)
  A giant cockroach (D:1)
  2 goblins (D:1)
  2 hobgoblins (D:1)
  8 kobolds (D:1)
  2 quokkas (D:1)
  A ball python (D:1)
  3 bats (D:1)
  2 rats (D:1)
25 creatures vanquished.

Notes
Turn   | Place    | Note
-------+----------+-------------------------------------------
     0 | D:1      | Malachi the Ghoul Gladiator began the quest for the Orb.
     0 | D:1      | Reached XP level 1. HP: 17/17 MP: 0/0
   231 | D:1      | Reached XP level 2. HP: 24/24 MP: 1/1
   639 | D:1      | Reached XP level 3. HP: 24/30 MP: 2/2
   797 | D:1      | Found Tyisued's Weapon Shoppe.
   800 | D:1      | Found a faded altar of an unknown god.
   893 | D:1      | Became a worshipper of Trog the Wrathful
   893 | D:1      | Reached * piety under Trog
  1421 | D:$      | Safely got out of the dungeon.

Illustrated notes

Levels and vault maps discovered:
D:1:      elethiomel_arrival_infinity_welcomes_careful_drivers, layout_basic,
          serial_shops, nicolae_shop_crystal, chequers_ecumenical_altar_simple

Skill      XL: |  1  2 |
---------------+-------+-----
Axes           | 3 |  3.5
Dodging        | 3 |  3.0
Fighting       | |  2.6
Throwing       | |  1.8

Action                   || total
-------------------------++-------
Melee: War axe           ||    77
Armor: Leather armour    ||    26
Dodge: Dodged            ||    52
